 Dungeon Crawl Stone Soup version 0.25-a0-108-gda8bd6cf83 (webtiles) character file.

Game seed: 773445219782905110, levelgen mode: deterministic

118 D1HalberdGnoll the Sneak (level 4, -3/27 HPs)
             Began as a Vampire Assassin on Nov 18, 2019.
             Slain by an adder (5 damage)
             ... on level 3 of the Dungeon.
             The game lasted 00:02:39 (1445 turns).

D1HalberdGnoll the Sneak (Vampire Assassin)         Turns: 1445, Time: 00:02:40

Health: -3/27      AC:  5    Str:  9 (11) XL:     4   Next: 72%
Magic:  4/4        EV: 12    Int: 15 (18) God:
Gold:   116        SH:  0    Dex: 12 (15) Spells: 3/3 levels left

rFire    + . .     SeeInvis +   a - +2 dagger
rCold    + + +     Gourm    .   (no shield)
rNeg     + + +     Faith    .   j - +0 leather armour
rPois    ∞         Spirit   .   (no helmet)
rElec    +         Reflect  .   c - +0 cloak
rCorr    +         Harm     .   (no gloves)
MR       .....                  g - +0 pair of boots
Stlth    +++++.....             (no amulet)
HPRegen  0.00/turn              (no ring)
MPRegen  0.09/turn              (no ring)

@: brilliant, resistant, bloodless
A: no food, fangs 3, see invisible, unbreathing
a: Bat Form, Revivify


You were on level 3 of the Dungeon.
You were bloodless.

You visited 1 branch of the dungeon, and saw 3 of its levels.

You collected 116 gold pieces.

Inventory:

Hand Weapons
 a - a +2 dagger (weapon)
Missiles
 d - 2 poisoned darts (quivered)
 e - 2 curare-tipped darts
Armour
 c - a +0 cloak (worn)
 g - a +0 pair of boots (worn)
 j - a +0 leather armour (worn)
Jewellery
 i - an uncursed ring of protection from cold {unknown}
Scrolls
 b - a scroll of enchant armour {unknown}
 f - 4 scrolls of identify {unknown}
 l - 4 scrolls of teleportation {unknown}
 o - a scroll of magic mapping {unknown}
 q - a scroll of amnesia {unknown}
 r - a scroll of immolation {unknown}
Potions
 k - a potion of magic {unknown}


   Skills:
 + Level 2.5 Fighting
 + Level 3.1 Short Blades
 - Level 1.5 Throwing
 + Level 2.3 Dodging
 * Level 7.4 Stealth


You had 3 spell levels left.
You didn't know any spells.
Your spell library was empty.

Dungeon Overview and Level Annotations

Branches:
Dungeon (3/15)

Altars:


Innate Abilities, Weirdness & Mutations

You do not eat.
You do not regenerate when monsters are visible.
You are frail without blood (-20% HP).
You can heal yourself when you bite living creatures.
You are immune to poison.
You have razor-sharp teeth.
You have supernaturally acute eyesight. (SInv)
You can survive without breathing.


Message History

You kill the orc!
The adder bites you.
* * * LOW HITPOINT WARNING * * *
Okay, then.
It was a potion of brilliance.
You feel clever all of a sudden. The adder bites you but does no damage.
Okay, then.
There is an open door here.
Okay, then.
It was a potion of degeneration.
There was something very wrong with that liquid.
You feel weakened.
You feel dopey.
You feel clumsy. The adder bites you.
* * * LOW HITPOINT WARNING * * *
The adder closely misses you.
It was a potion of resistance.
You feel protected. The adder bites you.
You die...

# ################# .#
................# .# .....#
#.......# .# .....# #.......#
.# ....(# #.......# .# .....#
#.......# .#
..†..####.......########.#.#.##
.....'..........@Soow.)(.......
.....####.......####(###.#.#...
..)..# #.......# #.# .# ######
#..###### #.# .# # ##.# #.# .#
# #.. #o# .# #.# #.# .# .. #.#
.#


You could see an adder, a dart slug and 2 orcs.

Vanquished Creatures
  2 orc wizards (D:3)
  2 adders (D:2)
  An ooze (D:3)
  A leopard gecko (D:3)
  2 orcs (D:3)
  4 bats
  5 goblins
  8 hobgoblins
  5 kobolds (D:2)
  4 frilled lizards (D:1)
  7 rats
41 creatures vanquished.

Notes
Turn   | Place    | Note
-------+----------+-------------------------------------------
     0 | D:1      | D1HalberdGnoll the Vampire Assassin began the quest for the
                  | Orb.
     0 | D:1      | Reached XP level 1. HP: 16/16 MP: 1/1
    37 | D:1      | Reached skill level 6 in Stealth
   150 | D:1      | Reached XP level 2. HP: 13/17 MP: 2/2
   986 | D:2      | Reached XP level 3. HP: 21/21 MP: 3/3
  1421 | D:3      | Reached skill level 7 in Stealth
  1421 | D:3      | Reached XP level 4. HP: 24/27 MP: 4/4
  1445 | D:3      | Slain by an adder

Levels and vault maps discovered:
D:1:      scummos_arrival_forest, layout_rooms,
          wander_ebering_terrifying_dragon_lair
D:2:      layout_loops_corners
D:3:      layout_basic, first_ration

Skill      XL: |  1  2  3 |
---------------+----------+-----
Stealth        | 6 7 |  7.4
Fighting       | 2 |  2.5
Dodging        | 2 |  2.3
Short Blades   | 3 |  3.1
Throwing       | |  1.5

Action                   |  1- 3 |  4- 6 || total
-------------------------+-------+-------++-------
Melee: Dagger            |    74 |    11 ||    85
       Bite              |     7 |       ||     7
Throw: Dart              |     2 |     4 ||     6
 Abil: Exsanguinate      |     1 |       ||     1
  Use: Potion            |       |     4 ||     4
 Stab: Sleeping          |    25 |       ||    25
Armor: Robe              |     5 |       ||     5
       Leather armour    |     9 |     2 ||    11
Dodge: Dodged            |    19 |     9 ||    28

Table legend:
 A = Non-vault XP
 B = Vault XP
 C = Vault XP percentage of total XP
 D = Non-vault monster count
 E = Vault monster count
 F = Vault count percentage of total count
                 A         B        C        D         E       F
            +---------+---------+-------+---------+---------+-------
      Total |     168 |       1 |   0.6 |      40 |       1 |   2.4
            +---------+---------+-------+---------+---------+-------
        D:1 |      13 |       1 |   7.1 |       9 |       1 |  10.0
        D:2 |      52 |       0 |   0.0 |      20 |       0 |   0.0
        D:3 |     103 |       0 |   0.0 |      11 |       0 |   0.0
            +---------+---------+-------+---------+---------+-------
